AoeStats
← 鄙人張麻子

African Clearing

505261561Analyzed
4v4 RM · 25d ago on Sep 8, 2026· 19m 49s· 8 players
Game mode
Random Map
Map size
Large (8 player)
Population
200
Speed
Normal
Resources
Standard
Victory
Conquest
Starting age
Dark Age
Ending age
Imperial Age
RankedLock teamsTeams togetherTeam positionsShared explorationLock speedFull tech treeHidden civsTurbo modeCheats
Victory
Defeat
🇯🇵 Spanish · Japan
1250
+15
🇦🇹 Italians · Austria
1224
+16
🇨🇳 Franks · China
1224
+16
🇹🇼 Vietnamese · Taiwan
1185
+18
🇳🇴 Saracens · Norway
1252
-17
🇩🇪 Hindustanis · Germany
1232
-17
🇻🇪 Georgians · Venezuela
1221
-16
1191
-15
alien
13:11 Feudal Age
16:40 Castle Age
15:00 Double-Bit Axe
16:11 Loom
19MCMLXXXIV84
3:33 Loom
17:35 Feudal Age
18:08 Double-Bit Axe
showland_wolf
4:06 Loom
15:21 Feudal Age
15:25 Man-at-Arms
16:07 Double-Bit Axe
21:22 Castle Age
鄙人張麻子
14:32 Feudal Age
13:26 Loom
16:09 Double-Bit Axe
16:24 Horse Collar
16:43 Horse Collar
19:04 Castle Age
18:40 Fletching
19:40 Bodkin Arrow
20:20 Bow Saw
Globox
3:53 Loom
14:36 Feudal Age
19:08 Castle Age
17:12 Double-Bit Axe
17:16 Horse Collar
Tim der Gothe
3:02 Loom
13:25 Feudal Age
18:04 Castle Age
16:07 Double-Bit Axe
16:51 Horse Collar
18:28 Town Watch
19:18 Wheelbarrow
Si me criticas te fedeo
4:06 Loom
19:07 Feudal Age
RagnarLothbrok
8:18 Loom
14:15 Feudal Age
15:33 Double-Bit Axe
21:15 Castle Age
Connection lost

Rejoining the realm…

Still unreachable

The connection could not be restored.

Session expired

The server has moved on; the page needs a fresh start.